Map: Solaris LE

Players

Subwayeatn

  • Race: Zerg Zerg
  • League: Platinum
  • Spawn Location: 7:00

dant - Winner!

  • Race: Terran Terran
  • League: Platinum
  • Spawn Location: 1:00

VOD

Have the link to the VOD?

Description

Time

  • Played on: Nov. 11, 2023, 2:28 p.m.
  • Length: 11:00
Show
View Real Time Build Order
Export as new Build Order

Subwayeatn Zerg 

Build Orders: Hatch First 

Get SALT Encoding   

  12  0:00  Drone  
  13  0:12  Overlord  
  13  0:17  Drone  
  14  0:30  Drone x2  
  16  0:49  Hatchery  
  15  0:56  Drone x2  
  17  0:59  Drone  
  17  1:02  Extractor  
  17  1:15  Spawning Pool  
  16  1:18  Drone  
  16  1:22  Drone  
  18  1:28  Drone  
  19  1:39  Drone  
  20  1:49  Overlord  
  20  2:04  Queen x2  
  20  2:06  Zergling x4  
  26  2:15  Metabolic Boost  
  26  2:20  Drone  
  26  2:21  Drone  
  28  2:23  Drone x2  
  30  2:58  Queen x2  
  34  2:59  Hatchery  
  34  3:04  Drone x2  
  34  3:07  Overlord  
  34  3:19  Drone x3  
  36  3:25  Baneling Nest  
  36  3:26  Zergling x4  
  37  3:31  Drone x2  
  39  3:37  Lair  
  39  3:56  Drone x5  
  39  3:58  Extractor  
  39  4:01  Extractor  
  42  4:03  Queen  
  42  4:04  Overlord  
  42  4:06  Overlord  
  44  4:15  Queen  
  46  4:26  Drone  
  46  4:27  Drone x7  
  54  4:35  Drone x3  
  54  4:37  Centrifugal Hooks  
  57  4:44  Overlord  
  58  4:45  Zergling x2  
  58  4:46  Zergling x4  
  60  4:59  Drone  
  61  5:01  Zergling x8, Spire  
  61  5:06  Baneling x6  
  64  5:11  Overlord  
  64  5:15  Zergling x2  
  64  5:16  Zergling x6  
  68  5:23  Overlord  
  68  5:24  Overlord  
  68  5:31  Extractor  
  68  5:32  Drone x6  
  68  5:34  Drone  
  74  5:44  Queen  
  74  5:46  Queen  
  74  5:49  Hydralisk Den  
  77  5:50  Drone x2  
  77  5:54  Overseer  
  79  5:58  Overlord  
  79  6:06  Baneling x2  
  79  6:07  Baneling  
  75  6:21  Burrow  
  75  6:27  Hydralisk x6  
  75  6:28  Hydralisk  
  81  7:02  Drone x9  
  81  7:04  Overlord x4  
  90  7:10  Overseer  
  90  7:23  Grooved Spines  
  90  7:26  Evolution Chamber  
  90  7:27  Evolution Chamber  
  90  7:29  Drone x9  
  97  7:32  Extractor  
  97  7:34  Extractor  
  97  7:36  Pneumatized Carapace  
  95  7:39  Zergling x2  
  95  7:40  Zergling x2  
  97  7:44  Zergling x2  
  98  8:09  Hydralisk x3  
  98  8:10  Hydralisk x2  
  108  8:13  Muscular Augments  
  108  8:19  Zergling x2  
  108  8:20  Zergling x22  
  108  8:23  Drone  
  120  8:30  Drone x2  
  120  8:32  Overlord x3  
  122  8:41  Baneling x4  
  122  8:42  Baneling x24  
  122  8:45  Hatchery  
  120  9:00  Infestation Pit  
  86  9:20  Zergling x14  
  86  9:21  Zergling x18  
  81  9:46  Drone x8  
  81  9:51  Baneling  
  81  9:52  Baneling x18  
  89  10:01  Zergling x20  
  89  10:02  Zergling x2  
Show
View Real Time Build Order
Export as new Build Order

dant Terran - Winner!

Build Orders: Gas First Reaper Expand 

Get SALT Encoding   

  12  0:00  SCV  
  13  0:12  SCV  
  14  0:22  Supply Depot  
  14  0:24  SCV  
  15  0:29  Refinery  
  15  0:44  SCV  
  15  0:45  Barracks  
  16  0:56  SCV  
  17  1:08  SCV  
  18  1:20  SCV  
  19  1:32  SCV  
  19  1:33  Reaper  
  19  1:36  Command Center  
  21  1:47  Orbital Command  
  21  1:59  Barracks  
  21  2:07  Barracks Reactor  
  21  2:09  Supply Depot  
  21  2:14  SCV  
  22  2:22  Factory  
  22  2:31  SCV  
  22  2:34  Supply Depot  
  23  2:43  SCV  
  24  3:08  Marine x2  
  24  3:09  Barracks Tech Lab  
  26  3:15  SCV x2  
  28  3:26  Supply Depot, Marine x2  
  30  3:27  SCV x2  
  30  3:31  Stimpack  
  30  3:32  Refinery  
  30  3:33  Marine  
  33  3:39  SCV  
  34  3:42  Factory Reactor  
  34  3:44  Marine  
  34  3:45  Marine  
  34  3:48  Orbital Command  
  36  3:51  Marine  
  36  3:52  SCV  
  37  3:56  Supply Depot  
  37  4:01  Marine  
  38  4:03  Marine  
  38  4:04  SCV  
  38  4:08  Starport  
  38  4:09  Marine  
  41  4:16  SCV x2  
  43  4:18  Supply Depot  
  43  4:19  Marine  
  43  4:21  Marine  
  45  4:27  Marine  
  45  4:28  SCV  
  47  4:35  Factory Tech Lab, SCV  
  47  4:37  Marine  
  49  4:39  Marine  
  49  4:40  SCV  
  49  4:41  Supply Depot  
  49  4:44  Marine  
  52  4:47  SCV  
  52  4:48  Engineering Bay  
  52  4:52  SCV, Medivac x2  
  58  4:55  Marine  
  58  4:57  Marine  
  58  4:59  SCV  
  61  5:02  Marine  
  61  5:04  SCV  
  63  5:10  Combat Shield  
  63  5:11  Refinery, SCV  
  63  5:13  Marine  
  65  5:14  Marine  
  65  5:16  SCV  
  67  5:22  Command Center  
  67  5:23  SCV  
  67  5:24  Marine  
  69  5:28  Supply Depot, SCV  
  69  5:31  Marine  
  72  5:35  SCV  
  72  5:45  Siege Tank  
  75  5:51  Supply Depot  
  75  5:53  SCV  
  75  5:54  SCV  
  75  5:55  Barracks x2  
  77  5:59  Marine x3  
  80  6:06  SCV x2  
  82  6:17  Marine x3  
  77  6:31  SCV x2  
  79  6:34  Marine x2  
  79  6:35  Marine  
  82  6:43  SCV x2  
  83  6:52  Marine  
  76  6:55  SCV  
  76  6:56  SCV  
  76  6:57  Siege Tank  
  76  6:59  Barracks Reactor x2  
  81  7:08  Refinery, SCV x2  
  83  7:12  Barracks  
  83  7:16  Terran Infantry Weapons Level 1  
  83  7:17  Supply Depot  
  83  7:20  Supply Depot, SCV x2  
  85  7:23  Planetary Fortress  
  85  7:26  Barracks, Concussive Shells  
  85  7:29  Marine x3, Siege Tank  
  91  7:30  Medivac  
  91  7:32  SCV x2  
  95  7:38  Marine x3  
  95  7:39  Marine  
  95  7:40  Supply Depot  
  95  7:43  Supply Depot  
  100  7:44  SCV x2  
  100  7:47  Marine x3  
  104  7:56  Marine x4, SCV x2  
  104  7:58  Engineering Bay, Medivac  
  110  8:01  Siege Tank  
  110  8:03  Supply Depot  
  110  8:04  Barracks Tech Lab  
  117  8:05  Marauder  
  117  8:08  Supply Depot, SCV x2  
  117  8:10  Refinery  
  117  8:11  Refinery  
  117  8:12  Marine x2  
  120  8:15  Barracks Tech Lab  
  121  8:20  SCV  
  121  8:25  Armory  
  124  8:27  Marauder, Supply Depot  
  124  8:30  Medivac  
  124  8:31  Supply Depot  
  124  8:34  Siege Tank  
  129  8:35  Marauder x2  
  129  8:36  Marine x6  
  141  8:48  Marauder  
  141  8:54  Supply Depot  
  141  8:56  Marauder x2, Marine x2  
  141  8:57  Marine x3  
  152  9:10  Marauder  
  139  9:18  Marauder x2  
  139  9:20  Siege Tank  
  139  9:21  Marine x2  
  139  9:22  Marine x4  
  153  9:31  Marauder  
  153  9:39  Marauder x2  
  153  9:40  Marine  
  153  9:41  Marine  
  150  9:47  SCV x2  
  154  9:52  Marauder  
  154  9:59  SCV x2  
  156  10:00  Marauder x2  
  160  10:14  Marauder  
  153  10:22  Marauder  
  155  10:29  Marauder, Marine x2  
  155  10:30  Marine x4  
  155  10:35  Marauder  
Tags
 
Add a new tag
Caveats
  • Supply blocks, unpowered buildings, or Contaminate may cause inaccurate times.
  • Supply counts are checked every 10 seconds.